 Dungeon Crawl Stone Soup version 0.27.1-33-g824d729ab1 (webtiles) character file.

Game seed: 18000773250418827627

276 earlgrey the Chucker (level 6, -1/63 HPs)
             Began as an Ogre Hunter on Dec 18, 2021.
             Was an Initiate of Qazlal.
             Splashed by a hobgoblin's acid (11 damage)
             ... on level 4 of the Dungeon.
             The game lasted 00:26:19 (6335 turns).

earlgrey the Chucker (Ogre Hunter)                  Turns: 6335, Time: 00:26:19

Health: -1/63      AC: -1    Str: 19    XL:     6   Next: 25%
Magic:  15/15      EV: 10    Int: 12    God:    Qazlal [......]
Gold:   128        SH:  5    Dex:  9    Spells: 5/5 levels left

rFire    . . .     SeeInvis .   a - +0 flail
rCold    . . .     Faith    .   (no shield)
rNeg     . . .     Spirit   .   b - +0 robe
rPois    .         Reflect  +   (helmet restricted)
rElec    .         Harm     .   (no cloak)
rCorr    .         Rampage  .   (gloves unavailable)
Will     .....                  (boots unavailable)
Stlth    +.........             u - amulet of reflection
HPRegen  0.20/turn              r - ring of magical power
MPRegen  0.14/turn              (no ring)

@: corroded
A: large, unfitting armour, tough skin 1
a: Renounce Religion


You were on level 4 of the Dungeon.
You worshipped Qazlal.
Qazlal was noncommittal.
You visited 1 branch of the dungeon, and saw 4 of its levels.

You collected 128 gold pieces.

Inventory:

Hand Weapons
 a - a +0 flail (weapon)
Missiles
 c - 2 large rocks (quivered)
 e - 53 stones
 h - a throwing net
 p - 3 javelins
Armour
 b - a +0 robe (worn)
Jewellery
 r - a ring of magical power (left hand)
 u - an amulet of reflection (around neck)
 v - a ring of flight
Wands
 d - a wand of iceblast (7)
 k - a wand of acid (4)
Scrolls
 f - 2 scrolls of teleportation
 g - a scroll of brand weapon
 j - a scroll of acquirement {unknown}
 l - a scroll of noise {unknown}
 m - a scroll of magic mapping {unknown}
 n - a scroll of enchant weapon {unknown}
 o - a scroll of enchant armour {unknown}
 q - a scroll of blinking {unknown}
 t - 2 scrolls of identify
Potions
 i - 2 potions of flight
 s - a potion of cancellation {unknown}


   Skills:
 * Level 4.5 Fighting
 * Level 3.2 Maces & Flails
 + Level 5.0 Throwing
 + Level 2.6 Dodging
 - Level 0.6 Stealth


You had 5 spell levels left.
You didn't know any spells.
Your spell library contained the following spells:

 Spells                   Type           Power      Damage    Failure   Level
 Animate Skeleton         Necr           0%         N/A       32%         1
 Apportation              Tloc           0%         N/A       32%         1
 Corona                   Hex            0%         N/A       32%         1
 Summon Small Mammal      Summ           0%         N/A       32%         1


Dungeon Overview and Level Annotations

Branches:
Dungeon (4/15)
 Temple: D:4-7

Altars:
Qazlal

Shops:
D:3 (

Annotations:
D:2 Crazy Yiuf
D:4 Edmund


Innate Abilities, Weirdness & Mutations

You are too large for most types of armour.
You have tough skin. (AC +1)


Message History

Found a stone staircase leading down.
You see here a ring of flight.
You closely miss the orc. The orc barely misses you.
You closely miss the orc. The orc misses you.
You barely miss the orc. The orc misses you.
You sock the orc!
You kill the orc!
Qazlal accepts your kill.
No target in view!
v - a ring of flight
Okay, then.
Things that are here:
a +0 club; an orc corpse
Found a robe.
No target in view!
Found a scroll of identify.
t - 2 scrolls of identify (gained 1)
You see here a +0 robe.
You see here a +0 dagger.
Things that are here:
a curare-tipped dart; a +0 short sword You see here a +0 hand axe.
There is an escape hatch in the floor here.
You see here a +0 club.
You see here a +0 dagger.
The hobgoblin zaps a wand.
The bolt of acid hits you.
You are splashed with acid!
Edmund shouts!
You see here a +0 dagger.
The hobgoblin zaps a wand.
The bolt of acid hits you!! The acid corrodes you!
You are splashed with acid!
* * * LOW HITPOINT WARNING * * *
You are no longer corroded.
You see here a +0 club.
There is an escape hatch in the floor here.
Edmund says, "People think my brother is the best.
I think he's crazy."
The hobgoblin zaps a wand.
The bolt of acid hits you!
* * * LOW HITPOINT WARNING * * *
The acid corrodes you!
You are splashed with acid!
You die...

###.#.# #....
....#g# #....
#####.# #....
#)#### #....
#...@# #####
#.... ####.#
#...# #.... #g#
#.#.# #.### #.#
#.#.# #.... #.#
#@#.# #####
#@#######.#.###
#.
#..g....#.#...#
#.
#######.#.###.#
#. ######g#.#
#.# #.
#......#g# #.#
#. #g######@#
#.###########.
#...g.##>#
#.............
#####.##)#
##############


You could see Edmund and a hobgoblin.

Vanquished Creatures
  A kobold brigand (D:4)
  Natasha (D:3)
  A hound skeleton (D:4)
  3 adders
  7 gnolls
  2 worms
  A dart slug (D:4)
  3 orcs (D:4)
  5 ball pythons
  6 bats
  7 endoplasms
  3 giant cockroaches (D:3)
  7 goblins
  7 hobgoblins
  3 jackals (D:4)
  A quokka (D:1)
  4 kobolds
  3 rats
65 creatures vanquished.

Notes
Turn   | Place    | Note
-------+----------+-------------------------------------------
     0 | D:1      | earlgrey the Ogre Hunter began the quest for the Orb.
     0 | D:1      | Reached XP level 1. HP: 22/22 MP: 1/1
   354 | D:1      | Reached XP level 2. HP: 23/29 MP: 2/2
   566 | D:1      | Found a faded altar of an unknown god.
  1468 | D:2      | Reached XP level 3. HP: 30/37 MP: 3/3
  2143 | D:2      | Reached XP level 4. HP: 20/45 MP: 4/4
  2539 | D:2      | Found a runed translucent door.
  2540 | D:2      | Noticed Crazy Yiuf
  2635 | D:2      | HP: 1/47 [Crazy Yiuf (4)]
  3376 | D:3      | Found Kyinesk's Distillery.
  3384 | D:3      | Found Dohautze's Antique Weapon Boutique.
  3865 | D:2      | Reached skill level 1 in Maces & Flails
  4328 | D:3      | Reached XP level 5. HP: 54/54 MP: 5/5
  4403 | D:3      | Noticed Natasha
  4411 | D:3      | Killed Natasha
  4598 | D:3      | Found a stormy altar of Qazlal.
  4647 | D:3      | Became a worshipper of Qazlal Stormbringer
  4974 | D:4      | Noticed a kobold brigand
  4996 | D:4      | Killed a kobold brigand
  4997 | D:4      | Reached skill level 5 in Throwing
  4997 | D:4      | Reached XP level 6. HP: 5/62 MP: 6/6
  5378 | D:4      | Noticed Edmund
  6335 | D:4      | Splashed by a hobgoblin's acid

Illustrated notes

Levels and vault maps discovered:
D:1:      dpeg_arrival_another_circle, layout_basic,
          ebering_ecumenical_altar_abandoned
D:2:      layout_loops_ring, hex_large, uniq_crazy_yiuf_cottage
D:3:      layout_rooms, mainiacjoe_overflow_small_starburst, serial_shops, shop,
          shop, uniq_natasha
D:4:      layout_basic, grunt_decor_fettered, uniq_edmund

Skill      XL: |  1  2  3  4  5  6 |
---------------+-------------------+-----
Fighting       | 3 4 |  4.5
Dodging        | 2 |  2.6
Maces & Flails | 1 2 3 |  3.2
Throwing       | 5 |  5.0
Stealth        | |  0.6

Action                   |  1- 3 |  4- 6 || total
-------------------------+-------+-------++-------
Melee: Short sword       |    82 |       ||    82
       Club              |    24 |       ||    24
       Flail             |     8 |   160 ||   168
Throw: Large rock        |     5 |     9 ||    14
       Stone             |       |     6 ||     6
       Throwing net      |       |     3 ||     3
  Use: Potion            |     1 |     4 ||     5
       Scroll            |       |     7 ||     7
 Stab: Sleeping          |     1 |     1 ||     2
Armor: Robe              |    51 |    47 ||    98
Dodge: Dodged            |    78 |    90 ||   168
Block: Other             |       |     5 ||     5
